 Dungeon Crawl Stone Soup version 0.20.1-1-g8b1a95d (webtiles) character file.

4239 Woxaris the Fighter (level 10, -4/103 HPs)
             Began as a Minotaur Fighter on Nov 5, 2017.
             Was a Priest of Ashenzari.
             Slain by an orc warrior
             ... wielding a +0 halberd
              (12 damage)
             ... in a bailey.
             The game lasted 00:20:13 (6949 turns).

Woxaris the Fighter (Minotaur Fighter)              Turns: 6949, Time: 00:20:14

Health: -4/103     AC: 10    Str: 30    XL:     10   Next: 9%
Magic:  9/9        EV:  8    Int:  5    God:    Ashenzari [***...]
Gold:   285        SH: 11    Dex: 11    Spells: 9/9 levels left

rFire    + . .     SeeInvis +   m - +1 mace (crush) (curse)
rCold    . . .     Gourm    .   c - +0 shield (curse)
rNeg     . . .     Faith    .   b - +0 scale mail
rPois    .         Spirit   .   (helmet unavailable)
rElec    .         Reflect  .   w - +2 cloak (curse)
rCorr    .         Harm     .   (no gloves)
MR       .....                  (no boots)
Stlth    ..........             (no amulet)
Regen    0.3/turn               (no ring)
MPRegen  0.2/turn               (no ring)

@: mighty
A: retaliatory headbutt, horns 3, fire resistance 1, strong 1
a: Curse Item, Scrying, Renounce Religion


You were in a bailey.
You worshipped Ashenzari.
Ashenzari was most pleased with you.
You were not hungry.

You visited 2 branches of the dungeon, and saw 9 of its levels.
You also visited: Bailey.

You collected 415 gold pieces.
You spent 130 gold pieces at shops.

Inventory:

Hand Weapons
 m - a cursed +1 mace of crushing (weapon)
 B - a +2 whip of freezing
Armour
 b - a +0 scale mail (worn)
 c - a cursed +0 shield (worn)
 w - a cursed +2 cloak (worn)
Wands
 e - a wand of disintegration (11/24)
 l - a wand of flame (34/48)
 s - a wand of paralysis (8/24)
 A - a wand of polymorph (2/24)
 H - a wand of clouds (5/9)
Scrolls
 j - 2 scrolls of fog
 o - a scroll of identify
 p - a scroll of amnesia
 q - a scroll of teleportation
 u - a scroll of random uselessness {unknown}
 y - 5 scrolls of remove curse
 G - a scroll of vulnerability {unknown}
 J - a scroll of magic mapping {unknown}
 K - a scroll of fear
Potions
 a - 2 potions of resistance
 g - a potion of heal wounds
 i - a potion of magic
 n - 2 potions of mutation
 v - 2 potions of flight
 z - a potion of brilliance
 D - a potion of cancellation
Books
 r - a book of Conjurations

   Spells                             Type                      Level
   a - Magic Dart                     Conjuration                  1
   b - Searing Ray                    Conjuration                  2
   c - Dazzling Spray                 Conjuration/Hexes            3
   d - Fulminant Prism                Conjuration/Hexes            4
   e - Force Lance                    Conjuration/Translocation    4
   f - Iskenderun's Mystic Blast      Conjuration                  4
 x - a book of Maledictions

   Spells                             Type                      Level
   a - Corona                         Hexes                        1
   b - Ensorcelled Hibernation        Hexes/Ice                    2
   c - Confuse                        Hexes                        3
   d - Tukima's Dance                 Hexes                        3
   e - Dazzling Spray                 Conjuration/Hexes            3
 E - a book of Air

   Spells                             Type                      Level
   a - Shock                          Conjuration/Air              1
   b - Swiftness                      Charms/Air                   2
   c - Static Discharge               Conjuration/Air              3
   d - Airstrike                      Air                          4
   e - Lightning Bolt                 Conjuration/Air              5
 F - a book of Necromancy

   Spells                             Type                      Level
   a - Pain                           Necromancy                   1
   b - Animate Skeleton               Necromancy                   1
   c - Vampiric Draining              Necromancy                   3
   d - Regeneration                   Charms/Necromancy            3
   e - Animate Dead                   Necromancy                   4
   f - Control Undead                 Necromancy                   4
Comestibles
 f - 4 bread rations
 h - 16 fruits
 k - 15 royal jellies
 C - a meat ration


   Skills:
 * Level 14.0 Fighting
 + Level 10.4(13.1) Maces & Flails
 - Level 3.6 Armour
 - Level 3.7(5.4) Shields


You had 9 spell levels left.
You didn't know any spells.

Dungeon Overview and Level Annotations

Branches:
Dungeon (8/15)             Temple (1/1) D:4
   Lair: D:8-11

Altars:
Ashenzari
Cheibriados
Dithmenos
Elyvilon
Fedhas
Gozag
Hepliaklqana
Kikubaaqudgha
Makhleb
Nemelex Xobeh
Okawaru
Qazlal
Ru
Sif Muna
Trog
Uskayaw
Vehumet
Xom
Yredelemnul
Zin
The Shining One

Shops:
D:6 !


Innate Abilities, Weirdness & Mutations

You reflexively headbutt those who attack you in melee.
You have a pair of large horns on your head.
Your flesh is heat resistant. (rF+)
Your muscles are strong. (Str +2)


Message History

* * * LOW HITPOINT WARNING * * *
You block the orc's attack.
You closely miss the orc warrior. Your headbutt misses the orc warrior.
The orc warrior hits you from afar with a halberd!
* * * LOW HITPOINT WARNING * * *
You block the orc's attack.
The orc warrior hits you with a halberd!
* * * LOW HITPOINT WARNING * * *
The orc hits you but does no damage. The orc warrior barely misses you.
Unknown command.
You feel much better. You block the orc's attack.
The orc hits you but does no damage. You block the orc warrior's attack.
The orc warrior hits you with a halberd.
* * * LOW HITPOINT WARNING * * *
The orc warrior hits you from afar with a spear!
* * * LOW HITPOINT WARNING * * *
You completely miss the orc warrior. The orc barely misses you.
You block the orc's attack. The orc hits you but does no damage.
The orc warrior hits you from afar with a halberd!
You die...

######## ####### *
...))..## ##.....## ,
..)))...######...o...#
,
...)))..#....#.))o...+
,
..)))...'....'..@)o..+
, +
........#....#..))o..+
........######..oo...#,
, .......## ##.....##*
* , ######## #######


You could see 3 orc warriors and 3 orcs.

Vanquished Creatures
  Pikel (D:7)
  2 hornets (D:8)
  A hippogriff (D:8)
  A soldier ant (D:8)
  3 orc warriors (Bailey)
  A black bear (D:6)
  2 sky beasts
  An ice beast (D:5)
  A slave (D:7)
  A necrophage (D:7)
  3 phantoms
  4 ogres
  3 centaurs
  Blork the orc (D:5)
  A bullfrog (D:7)
  A scorpion (D:5)
  6 killer bees (D:7)
  A howler monkey (D:5)
  4 crimson imps
  2 hounds
  2 centaur skeletons
  3 orc priests
  4 orc wizards
  2 bullfrog skeletons
  5 worker ants
  Terence (D:2)
  Ijyb (D:3)
  A hound skeleton (D:6)
  2 gnolls (D:2)
  14 adders
  2 shadow imps (D:7)
  4 oozes
  3 adder skeletons
  5 worms
  5 dart slugs
  2 leopard geckos
  36 orcs
  4 giant cockroaches
  15 goblins
  10 hobgoblins
  12 jackals
  14 kobolds
  5 quokkas
  A ball python (D:1)
  6 bats (D:1)
  5 frilled lizards
  5 rats
209 creatures vanquished.

Vanquished Creatures (others)
  A howler monkey (D:7)
1 creature vanquished.

Grand Total: 210 creatures vanquished

Notes
Turn   | Place    | Note
-------+----------+-------------------------------------------
     0 | D:1      | Woxaris the Minotaur Fighter began the quest for the Orb.
     0 | D:1      | Reached XP level 1. HP: 19/19 MP: 0/0
    64 | D:1      | Found a shattered altar of Ashenzari.
    74 | D:1      | Reached XP level 2. HP: 22/27 MP: 1/1
    79 | D:1      | Reached skill level 4 in Fighting
    81 | D:1      | Became a worshipper of Ashenzari the Shackled
   350 | D:1      | Reached XP level 3. HP: 32/34 MP: 2/2
   793 | D:2      | Reached skill level 5 in Fighting
   803 | D:2      | Reached XP level 4. HP: 32/42 MP: 3/3
   967 | D:2      | Found a radiant altar of Vehumet.
   969 | D:2      | Noticed Terence
   981 | D:2      | Killed Terence
  1333 | D:2      | Found a shimmering altar of Xom.
  1338 | D:2      | Reached XP level 5. HP: 47/50 MP: 4/4
  1497 | D:3      | Reached skill level 6 in Fighting
  1908 | D:3      | Noticed Ijyb
  1910 | D:3      | Paralysed by Ijyb for 7 turns
  1919 | D:3      | Paralysed by Ijyb for 3 turns
  1934 | D:3      | Killed Ijyb
  2268 | D:3      | Reached * piety under Ashenzari
  2410 | D:3      | Found a bloodstained altar of Trog.
  2426 | D:3      | Reached XP level 6. HP: 57/58 MP: 5/5
  2514 | D:4      | Reached skill level 7 in Fighting
  2514 | D:4      | Reached skill level 5 in Maces & Flails
  3130 | D:4      | Found a staircase to the Ecumenical Temple.
  3139 | Temple   | Entered the Ecumenical Temple
  3443 | D:5      | Entered Level 5 of the Dungeon
  3458 | D:5      | Found a white marble altar of Elyvilon.
  3468 | D:5      | Reached ** piety under Ashenzari
  3524 | D:5      | Reached skill level 8 in Fighting
  3524 | D:5      | Reached XP level 7. HP: 57/68 MP: 6/6
  3624 | D:5      | Found a sparkling altar of Nemelex Xobeh.
  3624 | D:5      | Found a glowing silver altar of Zin.
  4047 | D:5      | Noticed Blork the orc
  4051 | D:5      | Killed Blork the orc
  4051 | D:5      | Reached skill level 9 in Fighting
  4326 | D:6      | Reached XP level 8. HP: 22/79 MP: 7/7
  4590 | D:6      | Reached skill level 10 in Fighting
  4595 | D:6      | Found Xijelug's Distillery.
  4600 | D:6      | Bought a potion of heal wounds for 50 gold pieces
  4600 | D:6      | Bought a potion of mutation for 80 gold pieces
  4600 | D:6      | Gained mutation: Scrolls take you a little longer to read. [potion of mutation]
  4600 | D:6      | Gained mutation: You are partially covered in yellow scales. (AC +2) [potion of mutation]
  4601 | D:6      | Lost mutation: Scrolls take you a little longer to read. [potion of mutation]
  4601 | D:6      | Lost mutation: You are partially covered in yellow scales. (AC +2) [potion of mutation]
  4601 | D:6      | Gained mutation: Your flesh is heat resistant. (rF+) [potion of mutation]
  4601 | D:6      | Gained mutation: You have a pair of large horns on your head. [potion of mutation]
  4601 | D:6      | Gained mutation: Your muscles are strong. (Str +2) [potion of mutation]
  5018 | D:6      | Reached *** piety under Ashenzari
  5133 | D:6      | Found a sacrificial altar of Ru.
  5252 | D:6      | Reached skill level 11 in Fighting
  5260 | D:7      | Found a hide-covered altar of Uskayaw.
  5419 | D:7      | Found a hide-covered altar of Uskayaw.
  5429 | D:7      | Reached XP level 9. HP: 73/90 MP: 8/8
  5703 | D:7      | Reached skill level 12 in Fighting
  5779 | D:7      | Noticed Pikel
  5803 | D:7      | Killed Pikel
  6348 | D:8      | Reached skill level 13 in Fighting
  6393 | D:8      | Paralysed by a hornet for 1 turns
  6397 | D:8      | Reached skill level 10 in Maces & Flails
  6426 | D:8      | HP: 4/93 [poisoned by a hornet]
  6433 | D:8      | HP: 4/93 [poisoned by a hornet]
  6441 | D:8      | HP: 4/93 [poisoned by a hornet]
  6827 | D:8      | Reached XP level 10. HP: 80/102 MP: 9/9
  6875 | D:8      | Found a flagged portal.
  6885 | Bailey   | Entered a bailey
  6945 | Bailey   | Reached skill level 14 in Fighting
  6947 | Bailey   | HP: 1/103 [orc warrior/halberd (11)]
  6949 | Bailey   | Slain by an orc warrior

Skill      XL: |  1  2  3  4  5  6  7  8  9 10 |
---------------+-------------------------------+-----
Fighting       | 4 5 6 8 9 11 13 14 | 14.0
Maces & Flails | 3 4 5 7 8 10 | 10.4
Armour         | |  3.6
Shields        | |  3.7

Action                   |  1- 3 |  4- 6 |  7- 9 | 10-12 || total
-------------------------+-------+-------+-------+-------++-------
Melee: Flail             |    79 |    28 |       |       ||   107
       Headbutt          |    15 |    30 |    46 |     4 ||    95
       Mace              |       |   183 |   231 |    31 ||   445
Invok: Curse Item        |       |     3 |       |       ||     3
       Scrying           |       |     1 |       |       ||     1
  Use: Scroll            |       |     5 |    12 |       ||    17
       Potion            |       |       |     4 |     3 ||     7
  Eat: Chunk             |       |     9 |    10 |     1 ||    20
Armor: Scale mail        |    34 |    68 |    79 |    32 ||   213
Dodge: Dodged            |    27 |    60 |    58 |    41 ||   186
Block: Shield            |    51 |    99 |   101 |    55 ||   306
